 Dungeon Sprint DCSS version 0.27-a0-972-gd1521fd518 (webtiles) character file.

Game seed: 14398749749771556930

652 mhtbhm the Geomancer (level 7, -1/40 HPs)
             Began as a Gargoyle Earth Elementalist on Apr 13, 2021.
             Was a Follower of Vehumet.
             Slain by a seven-headed hydra (12 damage)
             ... in the Dungeon (Sprint IX: "|||||||||||||||||||||||||||||").
             The game lasted 00:03:21 (482 turns).

mhtbhm the Geomancer (Gargoyle Earth Elementalist)   Turns: 482, Time: 00:03:22

Health: -1/40      AC:  8    Str: 18    XL:     7   Next: 54%
Magic:  5/19       EV: 13    Int: 17    God:    Vehumet [*.....]
Gold:   0          SH:  0    Dex: 10    Spells: 9/24 levels left

rFire    . . .     SeeInvis .   a - +4 quarterstaff (speed)
rCold    . . .     Faith    .   (shield currently unavailable)
rNeg     + . .     Spirit   .   c - +0 robe
rPois    ∞         Reflect  .   k - +0 helmet
rElec    +         Harm     .   (no cloak)
rCorr    .         Rampage  .   l - +0 pair of gloves
Will     .....     NoTele   +   (no boots)
Stlth    ++........             (no amulet)
HPRegen  0.13/turn              n - +3 ring of strength
MPRegen  0.16/turn              o - +3 ring of strength

@: no status effects
A: AC +4, negative energy resistance 1, electricity resistance, torment
resistance 1, unbreathing 1, petrification resistance
a: Renounce Religion


You were in the Dungeon.
You worshipped Vehumet.
Vehumet was aware of your devotion.
You visited 1 branch

Inventory:

Hand Weapons
 a - a +4 quarterstaff of speed (weapon)
Missiles
 b - 8 stones
 p - a curare-tipped dart
Armour
 c - a +0 robe (worn)
 k - a +0 helmet (worn)
 l - a +0 pair of gloves (worn)
Jewellery
 n - a +3 ring of strength (left hand)
 o - a +3 ring of strength (right hand)
Wands
 j - a wand of iceblast (8)
Scrolls
 h - 2 scrolls of amnesia
 i - a scroll of blinking
Potions
 d - 5 potions of curing
 e - a potion of heal wounds
 f - a potion of haste
 g - 3 potions of magic
 m - a potion of invisibility


   Skills:
 + Level 2.3 Fighting
 + Level 0.7 Staves
 + Level 5.3 Dodging
 - Level 2.6 Stealth
 - Level 1.2 Unarmed Combat
 + Level 9.0 Spellcasting
 + Level 1.5 Transmutations
 + Level 12.4 Earth Magic
 + Level 1.2 Evocations


You had 9 spell levels left.
You knew the following spells:

 Your Spells              Type           Power      Damage    Failure   Level
a - Sandblast             Erth           100%       2d20      1%          1
b - Passwall              Tmut/Erth      25%        N/A       1%          2
c - Stone Arrow           Conj/Erth      56%        3d10      2%          3
d - Lee's Rapid Deconstr  Erth           25%        3d15*     1%          5
e - Petrify               Tmut/Erth      31%        N/A       5%          4

Your spell library contained the following spells:

 Spells                   Type           Power      Damage    Failure   Level
 Magic Dart               Conj           28%        1d4       10%         1


Dungeon Overview and Level Annotations

Branches:
Dungeon (1/1)

Altars:
Cheibriados
Dithmenos
Elyvilon
Fedhas
Gozag
Hepliaklqana
Kikubaaqudgha
Makhleb
Nemelex Xobeh
Okawaru
Qazlal
Ru
Sif Muna
Trog
Uskayaw
Vehumet
Wu Jian
Xom
Yredelemnul
Zin
The Shining One
Beogh
Jiyva
Lugonu


Innate Abilities, Weirdness & Mutations

Your stone body is resilient. (AC +4)
You are immune to poison.
You resist negative energy. (rN+)
You are resistant to electric shocks. (rElec)
You are resistant to unholy torment.
You can survive without breathing.
You are immune to petrification.


Message History

The seven-headed hydra bites you! The seven-headed hydra bites you. x2
* * * LOW HITPOINT WARNING * * *
The seven-headed hydra bites you.
* * * LOW HITPOINT WARNING * * *
Unknown command.
Blink to where?
Press: ? - help, Dir - move target
As you read the scroll of blinking, it crumbles to dust.
Casting: Lee's Rapid Deconstruction (dangerous; 1% risk of failure)
Confirm with . or Enter, or press ? or * to list all spells.
Okay, then.
Things that are here:
a +0 shortbow; 17 arrows
There is an open door to the Dungeon here.
Items here: )) [ †.
You see here a hornet corpse.
Unknown command.
Casting: Lee's Rapid Deconstruction (dangerous; 1% risk of failure)
Confirm with . or Enter, or press ? or * to list all spells.
Aiming: Lee's Rapid Deconstruction (dangerous; 1% risk of failure)
Press: ? - help, Dir - move target An open door to the Dungeon.
The stone door frame shatters!
The blast of rock fragments hits the seven-headed hydra!!
The seven-headed hydra is heavily wounded.
Unknown command.
Unknown command.
Unknown command.
Casting: Lee's Rapid Deconstruction (dangerous; 1% risk of failure)
Confirm with . or Enter, or press ? or * to list all spells.
Aiming: Lee's Rapid Deconstruction (dangerous; 1% risk of failure)
Press: ? - help, Dir - move target An open door to the Dungeon.
The stone door frame shatters!
The blast of rock fragments hits the troll!
The troll is almost dead.
The blast of rock fragments hits the seven-headed hydra!!
The seven-headed hydra is almost dead.
The seven-headed hydra bites you!
You die...

▓.▓
▓p▓
▓.▓
▓H▓
▓.▓
▓T▓
▓)▓
▓D▓
▓@▓
▓[▓
▓.▓
▓.▓
▓.▓
▓)▓
▓.▓
▓.▓
▓'▓


You could see a death knight, a seven-headed hydra, a manticore and a troll.

Vanquished Creatures
  A hornet (D)
  A black bear (D)
  A centaur (D)
  A phantom (D)
  A kobold brigand (D)
  A killer bee (D)
  A howler monkey (D)
  An orc wizard (D)
  An ufetubus (D)
  An adder skeleton (D)
  A dart slug (D)
  An orc (D)
  A bat (D)
  An endoplasm (D)
  A hobgoblin (D)
  A rat (D)
16 creatures vanquished.

Notes
Turn   | Place    | Note
-------+----------+-------------------------------------------
     0 | D        | mhtbhm the Gargoyle Earth Elementalist began the quest for
                  | the Orb.
     0 | D        | Reached XP level 1. HP: 10/10 MP: 3/3
     6 | D        | Reached skill level 4 in Earth Magic
    45 | D        | Reached skill level 5 in Earth Magic
    67 | D        | Reached XP level 2. HP: 13/15 MP: 0/5
   115 | D        | Learned a level 2 spell: Passwall
   116 | D        | Noticed a black bear
   116 | D        | Noticed a phantom
   128 | D        | Killed a phantom
   129 | D        | Reached skill level 1 in Transmutations
   129 | D        | Reached skill level 8 in Earth Magic
   129 | D        | Reached XP level 3. HP: 14/20 MP: 2/9
   129 | D        | Reached XP level 4. HP: 16/24 MP: 2/10
   139 | D        | Killed a black bear
   140 | D        | Reached skill level 1 in Fighting
   140 | D        | Reached skill level 1 in Unarmed Combat
   140 | D        | Reached skill level 9 in Earth Magic
   140 | D        | Reached XP level 5. HP: 25/29 MP: 1/13
   223 | D        | Found a snail-covered altar of Cheibriados.
   223 | D        | Found a shadowy altar of Dithmenos.
   223 | D        | Found a white marble altar of Elyvilon.
   223 | D        | Found a blossoming altar of Fedhas.
   223 | D        | Found an opulent altar of Gozag.
   224 | D        | Found a hazy altar of Hepliaklqana.
   225 | D        | Found a viscous altar of Jiyva.
   226 | D        | Found an ancient bone altar of Kikubaaqudgha.
   227 | D        | Found a corrupted altar of Lugonu.
   228 | D        | Found a burning altar of Makhleb.
   229 | D        | Found a sparkling altar of Nemelex Xobeh.
   230 | D        | Found an iron altar of Okawaru.
   231 | D        | Found a stormy altar of Qazlal.
   232 | D        | Found a sacrificial altar of Ru.
   233 | D        | Found a shimmering blue altar of Sif Muna.
   234 | D        | Found a bloodstained altar of Trog.
   235 | D        | Found a hide-covered altar of Uskayaw.
   236 | D        | Found a radiant altar of Vehumet.
   237 | D        | Found an ornate altar of the Wu Jian Council.
   238 | D        | Found a shimmering altar of Xom.
   239 | D        | Found a basalt altar of Yredelemnul.
   240 | D        | Found a glowing silver altar of Zin.
   241 | D        | Found a glowing golden altar of the Shining One.
   244 | D        | Became a worshipper of Vehumet
   296 | D        | Learned a level 3 spell: Stone Arrow
   302 | D        | Learned a level 5 spell: Lee's Rapid Deconstruction
   307 | D        | Learned a level 4 spell: Petrify
   307 | D        | Noticed a kobold brigand
   307 | D        | Noticed a hornet
   307 | D        | Noticed a centaur
   309 | D        | Killed a centaur
   310 | D        | Reached skill level 10 in Earth Magic
   310 | D        | Reached XP level 6. HP: 33/34 MP: 14/16
   313 | D        | Reached * piety under Vehumet
   313 | D        | Offered knowledge of Magic Dart by Vehumet.
   314 | D        | Reached skill level 11 in Earth Magic
   318 | D        | Reached XP level 7. HP: 29/39 MP: 2/18
   324 | D        | Killed a hornet
   324 | D        | Reached ** piety under Vehumet
   325 | D        | Reached skill level 5 in Dodging
   325 | D        | Reached skill level 12 in Earth Magic
   325 | D        | Reached skill level 1 in Evocations
   472 | D        | Noticed a vampire mosquito
   472 | D        | Noticed a purple ugly thing
   472 | D        | Noticed a death knight
   472 | D        | Noticed a manticore
   472 | D        | Noticed a troll
   472 | D        | Noticed a seven-headed hydra
   482 | D        | Slain by a seven-headed hydra

Illustrated notes

Levels and vault maps discovered:
D:        linesprint [early_d, line_temple, items_1, d_10, items_2, lair_1,
          lair_end, items_3, orc_1, orc_end, items_4, d_15, swamp_1, shoals_1,
          snake_1, spider_1, d_20, vaults_1, items_5, swamp_end, shoals_end,
          snake_end, spider_end, vaults_end, d_27, items_6, zot_1, zot_end,
          crypt_end, forest_end, elf_end, slime_end, tomb_end, abyss_end,
          pan_hell_end]

Skill      XL: |  1  2  3  4  5  6  7 |
---------------+----------------------+-----
Earth Magic    | 5 8 9 10 11 12 | 12.4
Dodging        | 3 4 5 |  5.3
Spellcasting   | 4 6 7 8 9 |  9.0
Transmutations | 1 |  1.5
Fighting       | 1 2 |  2.3
Unarmed Combat | 1 |  1.2
Evocations     | 1 |  1.2
Staves         | |  0.7
Stealth        | |  2.6

Action                   |  1- 3 |  4- 6 |  7- 9 || total
-------------------------+-------+-------+-------++-------
Melee: Unarmed           |     9 |     5 |       ||    14
       Quarterstaff      |       |       |     4 ||     4
 Cast: Sandblast         |    15 |     5 |     2 ||    22
       Lee's Rapid Decon |       |     2 |     3 ||     5
Evoke: Wand              |       |     2 |       ||     2
  Use: Potion            |     2 |     1 |     1 ||     4
       Scroll            |       |       |     1 ||     1
Armor: Robe              |    12 |     8 |     5 ||    25
Dodge: Dodged            |    25 |     9 |     6 ||    40

Table legend: (Time is in decaauts)
 A = Elapsed time spent in this place.
 B = Non-inter-level travel time spent in this place.
 C = Inter-level travel time spent in this place.
 D = Time resting spent in this place.
 E = Time spent auto-exploring this place.
 F = Levels seen in this place.
 G = Mean time per level.
                   A        B        C        D        E       F      G
               +--------+--------+--------+--------+--------+-----+--------+
         Total |    488 |    488 |      0 |    288 |      0 |   1 |  488.0 |
       Dungeon |    488 |    488 |      0 |    288 |      0 |   1 |  488.0 |
               +--------+--------+--------+--------+--------+-----+--------+

Top non-repeatable levels by time:
       D: 488 daAuts
